 Dungeon Crawl Stone Soup version 0.26-a0-52-gd53d4cd (webtiles) character file.

Game seed: 10141191227216056943

2629 CocktailSquid the Spear-Bearer (level 9, -12/71 HPs)
             Began as a Merfolk Berserker on June 6, 2020.
             Was an Elder of Trog.
             Mangled by a bone dragon (21 damage)
             ... on level 1 of the Abyss.
             The game lasted 00:14:27 (6696 turns).

CocktailSquid the Spear-Bearer (Merfolk Berserker)  Turns: 6696, Time: 00:14:28

Health: -12/71     AC:  7    Str: 20    XL:     9   Next: 61%
Magic:  9/9        EV: 14    Int:  6    God:    Trog [****..]
Gold:   513        SH:  0    Dex: 14    Spells: 8/8 levels left

rFire    . . .     SeeInvis .   i - +3 halberd (protect)
rCold    . . .     Gourm    .   (shield currently unavailable)
rNeg     . . .     Faith    .   j - +0 ring mail
rPois    .         Spirit   .   I - +2 hat
rElec    .         Reflect  .   l - scarf {harm}
rCorr    .         Harm     .   (no gloves)
MR       .....                  (no boots)
Stlth    +.........             (no amulet)
HPRegen  0.21/turn              (no ring)
MPRegen  0.11/turn              (no ring)

@: about to teleport
A: change form in water, swift swim, stealthy swim
a: Berserk, Trog's Hand, Brothers in Arms, Renounce Religion


You were on level 1 of the Abyss.
You worshipped Trog.
Trog was greatly pleased with you.
You were not hungry.

You visited 1 branch of the dungeon, and saw 7 of its levels.
You visited the Abyss 1 time.

You collected 513 gold pieces.

Inventory:

Hand Weapons
 a - a +0 spear
 f - a +0 halberd
 h - a +0 hunting sling
 i - a +3 halberd of protection (weapon)
 y - a +0 long sword
Missiles
 g - 316 stones (quivered)
 k - 6 javelins
 n - 61 sling bullets
 r - 7 boomerangs
 t - 70 poisoned darts
Armour
 b - a +0 animal skin
 j - a +0 ring mail (worn)
 l - a scarf of harm (worn)
 I - a +2 hat (worn)
Jewellery
 q - an uncursed ring of wizardry
 s - a +4 ring of protection
 u - an uncursed ring of fire
 v - an uncursed ring of magical power
 J - an uncursed ring of magical power
 O - an uncursed ring of ice
Wands
 w - a wand of iceblast (22)
 L - a wand of digging (5)
 M - a wand of flame (14)
 N - a wand of acid (8)
 Q - a wand of clouds (4)
 R - a wand of polymorph (5)
Scrolls
 e - 7 scrolls of identify
 x - 3 scrolls of remove curse
 D - a scroll of enchant weapon
 H - 2 scrolls of teleportation
 K - a scroll of blinking {unknown}
 P - a scroll of silence {unknown}
Potions
 d - 2 potions of curing {unknown}
 m - a potion of ambrosia {unknown}
 o - a potion of magic {unknown}
 p - a potion of cancellation {unknown}
 z - a potion of might {unknown}
 A - 2 potions of flight {unknown}
 B - 3 potions of haste {unknown}
 C - a potion of heal wounds {unknown}
 E - 3 potions of mutation {unknown}
 F - a potion of degeneration {unknown}
 G - 2 potions of brilliance {unknown}
 S - a potion of resistance {unknown}
Comestibles
 c - 21 rations


   Skills:
 + Level 6.9 Fighting
 + Level 13.6 Polearms
 + Level 4.1 Armour
 + Level 5.4 Dodging
 + Level 1.3 Stealth


You had 8 spell levels left.
You didn't know any spells.
Your spell library was empty.

Dungeon Overview and Level Annotations

Branches:
Dungeon (7/15)             Temple (0/1) D:5

Altars:
Ashenzari
Fedhas
Gozag
Hepliaklqana
Makhleb
Okawaru
Qazlal
Sif Muna
Trog
Uskayaw
Vehumet
The Shining One

Portals:
Abyss: D:7

Annotations:
D:7 1 transporter


Message History

Found a chain mail.
You recover from your berserk rage.
Found a scale mail.
Your legs become a tail as you enter the water.
The quasit gives a chilling moan.
The raiju barks!
The neqoxec shouts!
You eat one of the 22 rations.
That ration really hit the spot!
The neqoxec hits you!
* * * LOW HITPOINT WARNING * * *
The raiju bursts into living lightning!
The living lightning hits you!
* * * LOW HITPOINT WARNING * * *
The living lightning misses you.
The raiju blinks! x3
The neqoxec gestures.
As you read the scroll of teleportation, it crumbles to dust.
You feel strangely unstable.
You feel the power of the Abyss delaying your translocation!
The raiju closely misses you. The bone dragon bites you!!
You die...

### ###.# #....
#.#.# #.#.# #.#@#
#.D.# #..h#
##...#### #
#3......#
#########5#####.#
. #.#....5....# #
# .#..######.# .#
...........#


You could see a bone dragon, a raiju, a neqoxec and a white imp (summoned).

Vanquished Creatures
  The ghost of XxsatanxX the Chopper, a novice DsFi (D:7)
  A spriggan (D:7)
  A water moccasin (D:6)
  3 ice beasts
  A phantom (D:6)
  2 ogres (D:4)
  4 bullfrogs
  3 howler monkeys
  2 crimson imps (D:5)
  A bullfrog zombie (D:5)
  A quasit (D:6)
  2 hounds
  5 orc priests
  A jelly (D:7)
  An iguana (D:6)
  8 orc wizards
  5 worker ants
  A hound skeleton (D:7)
  3 gnolls (D:1)
  4 adders
  2 shadow imps (D:7)
  A white imp (D:5)
  An ooze (D:3)
  An adder zombie (D:5)
  An adder skeleton (D:6)
  3 worms
  4 dart slugs
  5 leopard geckos
  24 orcs
  5 giant cockroaches
  9 goblins
  4 hobgoblins
  4 jackals (D:3)
  2 quokkas
  A ball python (D:2)
  4 bats
  3 frilled lizards
  7 kobolds
  A leopard gecko skeleton (D:4)
  A leopard gecko zombie (D:6)
  A quokka skeleton (D:6)
  8 rats
142 creatures vanquished.

Notes
Turn   | Place    | Note
-------+----------+-------------------------------------------
     0 | D:1      | CocktailSquid the Merfolk Berserker began the quest for the
                  | Orb.
     0 | D:1      | Reached XP level 1. HP: 18/18 MP: 1/1
   257 | D:1      | Reached XP level 2. HP: 11/24 MP: 2/2
   611 | D:1      | Reached XP level 3. HP: 30/30 MP: 3/3
  1033 | D:1      | Reached skill level 5 in Polearms
  1777 | D:2      | Reached XP level 4. HP: 37/37 MP: 4/4
  2019 | D:2      | Reached ** piety under Trog
  2019 | D:2      | Reached skill level 6 in Polearms
  2289 | D:2      | Found a radiant altar of Vehumet.
  2563 | D:2      | Noticed a +0 hand axe
  2567 | D:2      | Noticed a +0 hand axe
  2585 | D:2      | Found a hide-covered altar of Uskayaw.
  2837 | D:3      | Reached XP level 5. HP: 31/42 MP: 5/5
  2934 | D:3      | Found a stormy altar of Qazlal.
  3029 | D:3      | Reached skill level 7 in Polearms
  3071 | D:3      | Noticed a water elemental
  3074 | D:3      | Noticed a fire elemental
  3074 | D:3      | Noticed an air elemental
  3177 | D:3      | Found an opulent altar of Gozag.
  3188 | D:3      | Found a shimmering blue altar of Sif Muna.
  3202 | D:3      | Found a glowing golden altar of the Shining One.
  3218 | D:3      | Found a hazy altar of Hepliaklqana.
  3521 | D:3      | Found an iron altar of Okawaru.
  3585 | D:4      | Reached XP level 6. HP: 48/48 MP: 6/6
  3729 | D:4      | Found a shattered altar of Ashenzari.
  3732 | D:4      | Reached skill level 8 in Polearms
  3821 | D:4      | Reached *** piety under Trog
  3821 | D:4      | Reached skill level 9 in Polearms
  3821 | D:4      | Reached XP level 7. HP: 55/55 MP: 7/7
  3986 | D:4      | Found a burning altar of Makhleb.
  4010 | D:4      | Found a blossoming altar of Fedhas.
  4239 | D:5      | Entered Level 5 of the Dungeon
  4346 | D:5      | Found a hide-covered altar of Uskayaw.
  4648 | D:5      | Found a staircase to the Ecumenical Temple.
  4947 | D:5      | Found a bloodstained altar of Trog.
  4991 | D:6      | Reached skill level 10 in Polearms
  5001 | D:6      | Reached XP level 8. HP: 53/61 MP: 8/8
  5086 | D:6      | Reached skill level 5 in Fighting
  5090 | D:6      | Reached skill level 11 in Polearms
  5178 | D:6      | Reached skill level 12 in Polearms
  5180 | D:6      | Reached **** piety under Trog
  5507 | D:6      | Identified the Grimoire of Excruciating Curses
  6023 | D:7      | Reached XP level 9. HP: 58/69 MP: 9/9
  6419 | D:7      | Reached skill level 13 in Polearms
  6488 | D:7      | Found a one-way gate to the infinite horrors of the Abyss.
  6488 | D:7      | Noticed XxsatanxX's ghost (novice DsFi)
  6488 | D:7      | Identified the cursed +2 spear of Dissatisfaction {distort,
                  | rPois}
  6492 | D:7      | Found a transporter.
  6551 | D:7      | Reached skill level 5 in Dodging
  6551 | D:7      | Reached skill level 1 in Stealth
  6561 | D:7      | Found a transporter.
  6614 | D:7      | Killed XxsatanxX's ghost
  6615 | D:7      | Cast into level 1 of the Abyss (orc warrior)
  6650 | Abyss:1  | Noticed a bone dragon
  6696 | Abyss:1  | Mangled by a bone dragon

Illustrated notes

Levels and vault maps discovered:
D:1:      minmay_arrival_solitary_statue, layout_basic
D:2:      layout_loops_ring, dancing_weapons_uskayaw, marbit_many_paths,
          minmay_increasing_density
D:3:      layout_loops_cross, tso_metal_star, nicolae_overflow_quartered_altars,
          nicolae_qazlal_style_of_elements
D:4:      layout_cave_pools, nicolae_ashenzari_panopticon, kennysheep_mini_moat,
          lemuel_coloured_pillars_altar, first_ration, serial_bayou_lagoon_b
D:5:      layout_rooms, lightli_temple_of_fire, minmay_temple_entry_tees,
          basic_altar, minivault_19, minmay_fire_ice_demons
D:6:      layout_loops_ring, minmay_misc_feat_encased
D:7:      layout_loops_ring, gammafunk_ghost_abyssal_escape, the_bakery
Abyss:1:  base:
D:6

Skill      XL: |  1  2  3  4  5  6  7  8  9 |
---------------+----------------------------+-----
Polearms       | 5 6 7 9 10 12 13 | 13.6
Dodging        | 3 4 5 |  5.4
Armour         | 2 3 4 |  4.1
Fighting       | 4 6 |  6.9
Stealth        | 1 |  1.3

Action                   |  1- 3 |  4- 6 |  7- 9 || total
-------------------------+-------+-------+-------++-------
Melee: Spear             |    82 |       |       ||    82
       Halberd           |    13 |   129 |   205 ||   347
Invok: Berserk           |     3 |     1 |     3 ||     7
  Use: Scroll            |       |     8 |     1 ||     9
  Eat: Chunk             |     2 |     8 |     7 ||    17
       Ration            |     1 |       |     2 ||     3
Armor: Animal skin       |    21 |       |       ||    21
       Ring mail         |     1 |    37 |    76 ||   114
Dodge: Dodged            |    71 |    72 |   138 ||   281

Table legend:
 A = Non-vault XP
 B = Vault XP
 C = Vault XP percentage of total XP
 D = Non-vault monster count
 E = Vault monster count
 F = Vault count percentage of total count
                 A         B        C        D         E       F
            +---------+---------+-------+---------+---------+-------
      Total |    2686 |    1071 |  28.5 |     131 |      11 |   7.7
            +---------+---------+-------+---------+---------+-------
        D:1 |      74 |       0 |   0.0 |      21 |       0 |   0.0
        D:2 |      55 |      33 |  37.5 |      19 |       7 |  26.9
        D:3 |     126 |       0 |   0.0 |      20 |       0 |   0.0
        D:4 |     394 |       0 |   0.0 |      13 |       0 |   0.0
        D:5 |     206 |      61 |  22.8 |       7 |       2 |  22.2
        D:6 |    1295 |       0 |   0.0 |      33 |       0 |   0.0
        D:7 |     536 |     977 |  64.6 |      18 |       2 |  10.0
            +---------+---------+-------+---------+---------+-------
